Map: Frost LE

Players

Kelazhur - Winner!

  • Race: Terran Terran

Cham

  • Race: Zerg Zerg

Event: WCS Copa Intercontinental

VOD

Have the link to the VOD?

Description

Time

  • Played on: Sept. 9, 2016, 1:48 p.m.
  • Length: 10:21

All games in this series

Show
View Real Time Build Order
Export as new Build Order

Kelazhur Terran - Winner!

Build Orders: Reaper Expand, MMM Bio 

Get SALT Encoding   

  12  0:00  SCV  
  13  0:12  SCV  
  14  0:17  Supply Depot  
  14  0:25  SCV  
  15  0:38  SCV  
  15  0:40  Barracks  
  16  0:43  Refinery  
  16  0:50  SCV  
  17  1:02  SCV  
  18  1:15  SCV  
  19  1:28  Reaper, Orbital Command  
  20  1:40  Command Center  
  20  1:50  Barracks  
  20  1:54  SCV  
  20  2:00  Barracks Reactor  
  21  2:04  Supply Depot  
  21  2:08  SCV  
  22  2:13  Refinery  
  22  2:20  SCV  
  23  2:32  SCV  
  23  2:36  Marine x2  
  26  2:37  Barracks Tech Lab  
  26  2:42  Factory  
  26  2:45  SCV  
  27  2:53  Orbital Command  
  27  2:54  Marine x2  
  29  2:59  SCV  
  29  3:02  Stimpack  
  30  3:05  Marine  
  30  3:11  SCV  
  32  3:13  Marine x2  
  34  3:20  SCV  
  34  3:23  SCV  
  34  3:26  Marine  
  37  3:30  Starport  
  37  3:32  Factory Reactor, SCV  
  38  3:34  Marine  
  38  3:35  SCV  
  38  3:36  Marine  
  41  3:41  Supply Depot  
  41  3:44  SCV  
  41  3:47  SCV  
  43  3:49  Marine  
  43  3:53  Marine  
  43  3:54  Marine  
  46  3:59  SCV  
  46  4:00  Supply Depot  
  46  4:04  Supply Depot  
  46  4:05  SCV  
  46  4:07  Marine  
  48  4:11  SCV  
  48  4:14  Medivac x2, Marine  
  54  4:22  SCV, Marine  
  56  4:25  Marine  
  56  4:27  Supply Depot x2  
  56  4:28  SCV  
  58  4:34  SCV  
  59  4:39  Marine x2, Engineering Bay  
  59  4:40  Engineering Bay  
  59  4:43  SCV  
  62  4:47  SCV  
  62  4:48  Widow Mine, Marine  
  62  4:49  Medivac  
  68  4:56  SCV  
  68  4:57  Marine x2  
  71  5:00  Supply Depot  
  71  5:06  Marine  
  72  5:07  Terran Infantry Weapons Level 1, Terran Infantry Armor Level 1  
  72  5:12  SCV  
  73  5:14  Combat Shields  
  73  5:22  Marine  
  73  5:25  Command Center, Marine x2  
  76  5:29  Supply Depot  
  76  5:30  SCV  
  77  5:36  Factory Reactor  
  77  5:39  Refinery  
  77  5:40  Refinery  
  78  5:42  SCV  
  78  5:43  Barracks  
  78  5:46  SCV  
  79  5:58  SCV  
  79  6:00  SCV  
  79  6:01  Marine x3  
  81  6:09  Armory  
  81  6:10  SCV  
  79  6:13  Medivac x2  
  79  6:18  Barracks, Widow Mine  
  78  6:19  Widow Mine  
  78  6:21  Barracks  
  78  6:24  SCV  
  78  6:25  Marine x3  
  81  6:28  SCV  
  85  6:33  Barracks Reactor  
  85  6:36  SCV  
  85  6:37  Liberator x2, Supply Depot, Orbital Command  
  86  6:43  Marine x2  
  88  6:52  Widow Mine x2  
  92  6:55  SCV  
  92  7:00  Supply Depot  
  99  7:09  Marine x3  
  99  7:10  Marine  
  103  7:17  Terran Infantry Weapons Level 2  
  103  7:19  Marine  
  103  7:20  Marine  
  105  7:22  Marine  
  105  7:27  Terran Infantry Armor Level 2, Marine x2  
  108  7:35  Marine  
  108  7:36  Marine  
  109  7:37  SCV  
  109  7:38  SCV, Marine x2  
  109  7:40  Marine  
  114  7:45  Marine x2  
  103  7:53  SCV x2, Marine, Orbital Command  
  103  7:54  Marine  
  103  7:56  Widow Mine  
  103  7:57  Medivac x2, Widow Mine  
  113  7:59  Barracks Reactor  
  113  8:00  Barracks Reactor  
  113  8:05  SCV x2  
  114  8:06  Refinery  
  114  8:11  Marine  
  114  8:12  Marine x4  
  119  8:17  SCV  
  120  8:22  Supply Depot  
  120  8:23  SCV  
  121  8:28  Supply Depot  
  121  8:29  Marine  
  121  8:30  Marine x4  
  121  8:32  SCV  
  124  8:42  Marine x4  
  124  8:43  SCV x2  
  124  8:44  SCV  
  124  8:47  Marine x2  
  124  8:48  Marine x3  
  134  8:54  Widow Mine x2  
  122  8:56  Medivac x2  
  122  9:00  Marine x4  
  130  9:05  Marine  
  130  9:06  Command Center  
  130  9:07  Supply Depot  
  130  9:08  Marine x2, Marauder  
  135  9:16  Marine  
  132  9:21  Marine x3  
  132  9:23  Widow Mine x2  
  139  9:25  Barracks  
  139  9:26  Barracks  
  139  9:27  Barracks  
  139  9:32  Marine  
  134  9:39  Marine  
  135  9:45  Marine  
  135  9:46  Marine  
  135  9:50  Medivac x2, Marine x6  
  135  9:52  Widow Mine x2  
  142  10:07  Supply Depot  
Show
View Real Time Build Order
Export as new Build Order

Cham Zerg 

Build Orders: Hatch First 

Get SALT Encoding   

  12  0:01  Drone  
  13  0:08  Drone  
  14  0:18  Overlord  
  14  0:36  Drone x3  
  17  0:54  Hatchery  
  16  0:57  Drone  
  16  0:59  Drone  
  18  1:11  Extractor  
  18  1:13  Spawning Pool  
  18  1:16  Drone  
  17  1:21  Drone  
  18  1:31  Drone  
  19  1:42  Overlord  
  19  1:52  Drone  
  20  2:00  Queen  
  22  2:03  Zergling x2  
  22  2:05  Queen  
  22  2:06  Zergling x2  
  26  2:11  Metabolic Boost  
  26  2:14  Zergling x2  
  27  2:17  Drone  
  28  2:26  Drone  
  28  2:29  Drone  
  30  2:35  Overlord  
  30  2:36  Queen  
  32  2:39  Drone  
  33  2:46  Drone  
  34  2:53  Drone  
  34  2:56  Drone  
  36  3:00  Drone  
  36  3:04  Pneumatized Carapace  
  37  3:07  Overlord  
  37  3:10  Drone  
  37  3:11  Drone x3  
  37  3:12  Drone  
  42  3:14  Drone  
  42  3:16  Drone  
  44  3:24  Overlord  
  44  3:35  Hatchery  
  43  3:45  Drone  
  43  3:46  Drone x3  
  47  3:50  Drone  
  47  3:54  Drone x4  
  52  3:59  Drone x2  
  52  4:00  Evolution Chamber  
  52  4:01  Evolution Chamber  
  52  4:05  Overlord  
  52  4:11  Drone  
  53  4:21  Overlord  
  53  4:23  Drone x4  
  57  4:24  Queen x2  
  61  4:32  Zerg Ground Armor Level 1, Zerg Melee Weapons Level 1  
  61  4:36  Overlord  
  61  4:39  Zergling x6  
  61  4:43  Overlord  
  64  4:47  Queen  
  64  4:48  Zergling x2  
  64  4:49  Zergling x2  
  64  4:51  Zergling x2  
  64  4:52  Zergling x2  
  70  4:56  Zergling x6  
  70  4:59  Zergling x4  
  75  5:02  Zergling x4  
  75  5:05  Zergling x2  
  78  5:10  Spore Crawler x3, Zergling x2  
  78  5:13  Zergling x2  
  73  5:21  Zergling x6  
  73  5:22  Zergling x8  
  73  5:24  Extractor  
  73  5:25  Extractor x2, Lair  
  77  5:29  Zergling x2  
  77  5:30  Baneling Nest  
  77  5:31  Drone  
  77  5:36  Drone x2  
  77  5:37  Drone  
  77  5:38  Drone x2  
  77  5:40  Drone  
  83  5:44  Drone  
  83  5:46  Drone  
  82  6:01  Drone x2  
  82  6:02  Drone x2  
  82  6:03  Drone x2  
  85  6:07  Drone  
  85  6:11  Zergling x4  
  81  6:15  Drone x3  
  81  6:16  Drone x2  
  81  6:20  Drone x3  
  83  6:26  Drone x2  
  83  6:27  Drone  
  83  6:29  Centrifical Hooks, Overlord  
  83  6:31  Queen  
  88  6:35  Drone x2  
  88  6:36  Queen  
  92  6:40  Overlord  
  92  6:41  Zerg Ground Armor Level 2  
  92  6:45  Zergling x4  
  91  6:47  Zergling x2  
  91  6:48  Zergling x4  
  91  6:51  Baneling x4  
  91  6:52  Zergling x2  
  91  6:53  Zergling x2  
  96  6:58  Zerg Melee Weapons Level 2  
  96  7:02  Hatchery  
  96  7:05  Zergling x2  
  96  7:06  Baneling x2  
  96  7:07  Zergling x2  
  96  7:08  Zergling x4  
  95  7:20  Zergling x4  
  95  7:22  Zergling x2  
  95  7:23  Overlord  
  95  7:25  Drone  
  95  7:26  Infestation Pit  
  95  7:28  Zergling x4  
  96  7:36  Zergling x4  
  87  7:39  Zergling x4  
  87  7:40  Zergling x6  
  87  7:43  Zergling x4  
  81  7:51  Zergling x4  
  81  7:55  Zergling x2  
  83  8:03  Zergling x6  
  83  8:04  Hive  
  86  8:08  Zergling x4  
  86  8:11  Zergling x2  
  86  8:15  Hatchery, Zergling x4  
  86  8:17  Baneling x4  
  86  8:18  Zergling x6  
  90  8:21  Drone  
  90  8:24  Spore Crawler, Drone  
  91  8:28  Zergling x4  
  91  8:31  Baneling x4  
  91  8:32  Zergling x4  
  91  8:33  Baneling x5  
  91  8:34  Overlord x2  
  91  8:35  Queen, Zergling x2  
  91  8:37  Zergling x4  
  91  8:40  Drone  
  91  8:41  Drone  
  94  8:44  Drone x3  
  91  8:52  Overseer  
  91  8:55  Zergling x6  
  79  9:01  Zergling x4  
  79  9:02  Zergling x4  
  83  9:03  Drone x5  
  83  9:08  Zergling x4  
  86  9:10  Zergling x2  
  86  9:13  Drone x2  
  86  9:14  Drone  
  90  9:19  Baneling x5  
  90  9:20  Zergling x2  
  90  9:23  Baneling x3  
  90  9:24  Zergling x4  
  88  9:25  Baneling x3  
  88  9:26  Zergling x2  
  88  9:27  Zergling x2  
  88  9:28  Zergling x4  
  88  9:30  Baneling x3  
  92  9:34  Zergling x2  
  92  9:35  Baneling  
  90  9:39  Baneling x2, Zergling x4  
  90  9:40  Baneling  
  90  9:42  Zergling x4  
  90  9:43  Zergling x4  
  91  9:49  Zergling x4  
  91  9:50  Zergling x8  
  89  9:56  Zergling x4  
  89  9:59  Zergling x4  
  92  10:00  Zergling x6  
  92  10:02  Zergling x4  
Tags
 
Add a new tag
Caveats
  • Supply blocks, unpowered buildings, or Contaminate may cause inaccurate times.
  • Supply counts are checked every 10 seconds.